 Dungeon Crawl Stone Soup version 0.28-b1-1-g3c77fb2ed1 (webtiles) character file.

Game seed: 8097458744869630176

26029 unlimited1921 the Warrior (level 13, -7/127 HPs)
             Began as a Hill Orc Fighter on Jan 28, 2022.
             Was a High Priest of Cheibriados.
             Mangled by a lorocyproca (25 damage)
             ... on level 2 of the Abyss on Jan 30, 2022.
             The game lasted 02:04:19 (19901 turns).

unlimited1921 the Warrior (Hill Orc Fighter)       Turns: 19901, Time: 02:04:20

Health: -7/127     AC: 29    Str: 35    XL:     13   Next: 23%
Magic:  1/22       EV:  8    Int: 23    God:    Cheibriados [*****.]
Gold:   419        SH: 17    Dex: 19    Spells: 12/12 levels left

rFire   . . .      SeeInvis +   Z - +8 war axe (protect)
rCold   + . .      Faith    .   L - +1 tower shield {reflect}
rNeg    . . .      Spirit   .   C - +10 chain mail "Zoxzorolaar" {Int+2}
rPois   +          Reflect  +   p - +3 crown of Dyrovepreva {rElec Int+2 SInv}
rElec   +          Harm     .   S - +0 cloak
rCorr   .          Rampage  .   G - +2 pair of gloves
Will    .....                   V - +2 pair of boots of Pileddibi {+Blink Fly rPois Dex-2}
Stlth   ..........              A - amulet of the acrobat
HPRegen 0.31/turn               M - ring of magical power
MPRegen 0.18/turn               o - ring of protection from cold

@: flying, very slow
A: antennae 1, deformed body, MP-powered wands, noise suppression
a: Renounce Religion, Evoke Blink, Bend Time, Temporal Distortion, Slouch, Step
From Time


You were on level 2 of the Abyss.
You worshipped Cheibriados.
Cheibriados was extremely pleased with you.
You visited 3 branches of the dungeon, and saw 16 of its levels.
You visited the Abyss 2 times.

You collected 2156 gold pieces.
You spent 1737 gold pieces at shops.

Inventory:

Hand Weapons
 b - a +1 vorpal war axe
 c - a +1 hand axe of venom
 e - a +0 hand axe of flaming
 j - a +0 hunting sling
 v - a +0 dagger of distortion
 F - a +1 flail of holy wrath
 R - a +1 scimitar of freezing
 T - a +2 spear of freezing
 Y - a +3 flail
 Z - a +8 war axe of protection (weapon)
Missiles
 f - 85 sling bullets
 m - 10 poisoned darts
 w - 96 bolts
Armour
 a - +0 acid dragon scales
 p - the +3 crown of Dyrovepreva (worn) {rElec Int+2 SInv}
   (You bought it in a shop on level 13 of the Dungeon)

   Int:       It affects your intelligence (+2).
   rElec:     It insulates you from electricity.
   SInv:      It lets you see invisible.
 r - a +0 chain mail of poison resistance
 C - the +10 chain mail "Zoxzorolaar" (worn) {Int+2}
   (You found it on level 5 of the Dungeon)

   Int:       It affects your intelligence (+2).
 G - a +2 pair of gloves (worn)
 K - a +0 troll leather armour
 L - a +1 tower shield of reflection (worn)
 S - a +0 cloak (worn)
 V - the +2 pair of boots of Pileddibi (worn) {+Blink Fly rPois Dex-2}
   (You acquired it on level 13 of the Dungeon)

   Dex:       It affects your dexterity (-2).
   rPois:     It protects you from poison.
   Fly:       It grants you flight.
   +Blink:    It lets you blink.
Jewellery
 o - a ring of protection from cold (right hand)
 A - an amulet of the acrobat (around neck)
 M - a ring of magical power (left hand)
Wands
 E - a wand of polymorph (4)
 U - a wand of paralysis (5)
 W - a wand of iceblast (4) (quivered)
Scrolls
 g - a scroll of teleportation
 h - a scroll of torment
 s - a scroll of silence
 t - 2 scrolls of immolation
 u - 2 scrolls of identify
 x - a scroll of amnesia
 N - a scroll of enchant armour
 X - a scroll of blinking
Potions
 d - a potion of might
 i - 4 potions of curing
 q - a potion of lignification
 z - a potion of resistance
 B - a potion of mutation
 D - 2 potions of magic
 I - a potion of brilliance
 P - a potion of heal wounds
Miscellaneous
 O - a phial of floods (inert)


   Skills:
 * Level 15.2 Fighting
 - Level 14.4 Axes
 + Level 0.2(2.4) Slings
 + Level 4.0 Throwing
 + Level 11.1 Armour
 + Level 3.8 Dodging
 + Level 1.6 Stealth
 + Level 7.9 Shields
 + Level 0.6 Invocations
 * Level 4.9 Evocations


You had 12 spell levels left.
You didn't know any spells.
Your spell library contained the following spells:

 Spells                   Type           Power      Damage    Failure   Level
 Sting                    Tmut/Pois      0%         1d3       98%         1
 Poisonous Vapours        Pois/Air       0%         N/A       99%         2
 Conjure Flame            Conj/Fire      0%         6-21      100%        3
 Ignite Poison            Fire/Tmut/Pois 0%         N/A       100%        3
 Olgreb's Toxic Radiance  Pois           0%         N/A       100%        4
 Sticky Flame             Conj/Fire      0%         2d3       100%        4
 Malign Gateway           Summ/Tloc      0%         N/A       100%        7
 Summon Horrible Things   Summ           0%         N/A       100%        8


Dungeon Overview and Level Annotations

Branches:
Dungeon (13/15)            Temple (1/1) D:6            Lair (0/6) D:10
    Orc (2/2) D:12
    Elf: Orc:2       Vaults: D:13-14

Altars:
Ashenzari
Cheibriados
Dithmenos
Elyvilon
Fedhas
Gozag
Hepliaklqana
Kikubaaqudgha
Makhleb
Nemelex Xobeh
Okawaru
Qazlal
Ru
Sif Muna
Trog
Uskayaw
Vehumet
Wu Jian
Xom
Yredelemnul
Zin
The Shining One

Shops:
D:3 =   D:4 (   D:7 *   D:13 (*[

Annotations:
Orc:2 Sonja


Innate Abilities, Weirdness & Mutations

You have a pair of small antennae on your head.
Armour fits poorly on your strangely shaped body.
You expend magic power (3 MP) to strengthen your wands.
You passively dampen the noise of your surroundings.


Message History

Press: ? - help, Q - select action, (/) - cycle Shift-Dir - straight line, f/p - lorocyproca
Aim: a lorocyproca (almost dead, slightly transparent, 64% to hit)
You throw a javelin.
The javelin barely misses the lorocyproca.
The lorocyproca closely misses you. You block the lorocyproca's attack.
Throw: javelin
Press: ? - help, Q - select action, (/) - cycle Shift-Dir - straight line, f/p - lorocyproca
Aim: a lorocyproca (almost dead, slightly transparent, 64% to hit)
You throw a javelin.
The javelin pierces through the lorocyproca but does no damage.
The lorocyproca is almost dead.
You block the lorocyproca's attack. The lorocyproca hits you!
* * * LOW HITPOINT WARNING * * *
You feel your power leaking away.
Throw: 12 darts (poison)
Press: ? - help, Q - select action, (/) - cycle Shift-Dir - straight line, f/p - lorocyproca
Aim: a lorocyproca (almost dead, slightly transparent, 64% to hit)
You throw a poisoned dart. The poisoned dart hits the lorocyproca!
The lorocyproca is poisoned.
The lorocyproca is almost dead.
The lorocyproca hits you but does no damage.
You block the lorocyproca's attack.
Throw: 11 darts (poison)
Press: ? - help, Q - select action, (/) - cycle Shift-Dir - straight line, f/p - lorocyproca
Aim: a lorocyproca (almost dead, slightly transparent, very poisoned, 64% to hit)
You throw a poisoned dart.
The poisoned dart misses the lorocyproca.
The lorocyproca hits you but does no damage.
The lorocyproca completely misses you. The lorocyproca completely misses you.
The lorocyproca looks more healthy.
The lorocyproca hits you!
* * * LOW HITPOINT WARNING * * *
You feel your power leaking away.
Aiming: Iceblast
Press: ? - help, Q - select action, (/) - cycle Shift-Dir - straight line, f/p - lorocyproca
Aim: a lorocyproca (almost dead, slightly transparent)
Okay, then.
Unknown command.
You feel better. The lorocyproca hits you!!
You die...

.. #
#.# ##.
. #.#.
. #.# #
#.. .#
#.#. #
#.# #.
#@#.#
#2#. .#
####.#
#.#
#....##
#
#(#####
.. .
#(# ..
. . . .
.#..##
## ###
#.#..#.
. ..#
#.# .
....
...#


You could see a lorocyproca (invisible).

Vanquished Creatures
  The ghost of Ariptu the Basher, a journeyman MiFi of Okawaru (D:11)
  Fannar (D:10)
  4 boulder beetles
  Erolcha (D:12)
  6 two-headed ogres
  A centaur warrior (D:13)
  3 thrashing horrors
  Urug (Orc:2)
  A wretched star (Abyss:2)
  An obsidian statue (D:12)
  4 ugly things
  4 cyclopes
  A manticore (D:13)
  Maurice (D:12)
  An ice statue (D:12)
  A dire elephant zombie (Abyss:2)
  An unseen horror (D:11)
  A gargoyle (D:11)
  A komodo dragon (D:11)
  An ancient zyme (Abyss:2)
  4 trolls
  A wind drake (shapeshifter) (Abyss:2)
  14 raiju (Abyss:2)
  A hornet (D:10)
  A harpy skeleton (Abyss:2)
  6 slime creatures (D:13)
  A shadow (D:10)
  Sigmund (D:5)
  3 wraiths
  3 wyverns
  A vampire (D:12)
  3 yaks (D:12)
  4 vampire mosquitoes (D:13)
  2 wargs
  A steam dragon (D:7)
  A water moccasin (D:8)
  An acid dragon (D:11)
  10 orc warriors
  3 ice beasts
  3 small abominations (Abyss:2)
  6 ogres
  5 centaurs
  2 phantoms
  A kobold brigand (D:8)
  3 gnoll sergeants
  2 bullfrogs (D:7)
  4 scorpions
  2 water moccasin zombies (D:6)
  A wyvern skeleton (D:7)
  2 water moccasin skeletons (D:4)
  6 killer bees (D:9)
  8 wights (D:8)
  10 howler monkeys
  A bullfrog zombie (D:6)
  A hound (D:6)
  An iron imp (Abyss:2)
  6 centaur zombies
  2 centaur skeletons
  5 orc priests
  2 iguanas
  12 orc wizards
  A killer bee zombie (D:5)
  A hound skeleton (D:4)
  2 howler monkey zombies
  14 gnolls
  7 adders
  A white imp (Abyss:2)
  An adder skeleton (D:4)
  4 worms
  5 dart slugs
  36 orcs
  8 bats
  11 endoplasms
  2 giant cockroaches (D:3)
  14 goblins
  6 hobgoblins
  3 jackals (D:3)
  13 kobolds
  A quokka (D:4)
  5 ball pythons
  2 frilled lizards
  3 rats
322 creatures vanquished.

Vanquished Creatures (others)
  5 withered plants (D:13)
5 creatures vanquished.

Grand Total: 327 creatures vanquished

Notes
Turn   | Place    | Note
-------+----------+-------------------------------------------
     0 | D:1      | unlimited1921 the Hill Orc Fighter began the quest for the
                  | Orb.
     0 | D:1      | Reached XP level 1. HP: 19/19 MP: 1/1
    57 | D:1      | Reached XP level 2. HP: 26/27 MP: 2/2
   413 | D:1      | Reached skill level 4 in Fighting
   480 | D:1      | Reached XP level 3. HP: 30/33 MP: 3/3
   857 | D:1      | Found a faded altar of an unknown god.
  1103 | D:2      | Reached XP level 4. HP: 20/41 MP: 4/4
  2206 | D:3      | Reached XP level 5. HP: 40/47 MP: 5/5
  2876 | D:3      | Found Nanacsy's Jewellery Shop.
  3198 | D:3      | Reached skill level 5 in Fighting
  3538 | D:4      | Reached skill level 5 in Axes
  3538 | D:4      | Reached XP level 6. HP: 45/56 MP: 6/6
  3636 | D:4      | Reached skill level 1 in Dodging
  3774 | D:4      | Found a hazy altar of Hepliaklqana.
  3858 | D:4      | Found a bloodstained altar of Trog.
  3961 | D:4      | Found Tihyquf's Weapon Shop.
  4089 | D:4      | Reached XP level 7. HP: 60/61 MP: 7/7
  4094 | D:4      | Found a radiant altar of Vehumet.
  4539 | D:5      | Entered Level 5 of the Dungeon
  4593 | D:5      | Reached skill level 5 in Armour
  4930 | D:5      | Identified the +10 chain mail "Zoxzorolaar" {Int+2}
  5033 | D:5      | Reached skill level 6 in Fighting
  5283 | D:5      | Noticed Sigmund
  5305 | D:5      | Killed Sigmund
  5306 | D:5      | Reached XP level 8. HP: 56/71 MP: 8/8
  5400 | D:5      | Found a basalt altar of Yredelemnul.
  5552 | D:5      | Found a blossoming altar of Fedhas.
  5937 | D:6      | Reached skill level 7 in Fighting
  6020 | D:6      | Found a sparkling altar of Nemelex Xobeh.
  6023 | D:6      | Found a glowing silver altar of Zin.
  6153 | D:6      | Found a staircase to the Ecumenical Temple.
  6188 | Temple   | Entered the Ecumenical Temple
  6438 | Temple   | Became a worshipper of Cheibriados the Contemplative
  6750 | D:6      | Found a shadowy altar of Dithmenos.
  7151 | D:7      | Noticed a wyvern
  7166 | D:7      | Killed a wyvern
  7481 | D:7      | Reached skill level 8 in Fighting
  7481 | D:7      | Reached XP level 9. HP: 71/81 MP: 9/9
  7761 | D:7      | Reached skill level 10 in Axes
  7997 | D:7      | Found Enanoit's Assorted Antiques.
  8005 | D:7      | Bought an agate ring for 145 gold pieces
  8005 | D:7      | Bought a scroll labelled POUXKE LOLIO for 29 gold pieces
  8005 | D:7      | Bought a scroll labelled PYIVYLUMIT for 29 gold pieces
  8172 | D:7      | Gained mutation: You have a pair of small antennae on your
                  | head. [potion of mutation]
  8172 | D:7      | Gained mutation: Armour fits poorly on your strangely
                  | shaped body. [potion of mutation]
  8172 | D:7      | Gained mutation: You passively dampen the noise of your
                  | surroundings. [potion of mutation]
  8329 | D:8      | Reached * piety under Cheibriados
  8421 | D:8      | Noticed a two-headed ogre
  8432 | D:8      | Killed a two-headed ogre
  8433 | D:8      | Reached skill level 1 in Throwing
  8433 | D:8      | Reached skill level 5 in Shields
  8690 | D:8      | Reached skill level 9 in Fighting
  8872 | D:8      | Found a broken altar of Ashenzari.
  8891 | D:8      | Reached XP level 10. HP: 91/91 MP: 10/10
  8897 | D:8      | Found an ancient bone altar of Kikubaaqudgha.
  9051 | D:8      | Found a sacrificial altar of Ru.
  9750 | D:9      | Reached ** piety under Cheibriados
  9840 | D:9      | Identified a scroll of acquirement
  9885 | D:9      | Noticed a green ugly thing
  9898 | D:9      | Killed a green ugly thing
  9899 | D:9      | Reached skill level 10 in Fighting
 10770 | D:10     | Entered Level 10 of the Dungeon
 10884 | D:10     | Found a staircase to the Lair.
 10923 | D:10     | Found an ornate altar of the Wu Jian Council.
 11168 | D:10     | Noticed Fannar
 11179 | D:10     | Killed Fannar
 11539 | D:11     | Noticed a white ugly thing
 11539 | D:11     | Noticed a boulder beetle
 11539 | D:11     | Noticed a cyclops
 11644 | D:11     | Noticed a gargoyle
 11644 | D:11     | Noticed a two-headed ogre
 11653 | D:11     | Killed a two-headed ogre
 11654 | D:11     | Reached skill level 11 in Fighting
 11654 | D:11     | Reached XP level 11. HP: 87/102 MP: 11/11
 12071 | D:11     | Noticed a boulder beetle
 12092 | D:11     | Killed a boulder beetle
 12220 | D:11     | Found a runed translucent gate.
 12221 | D:11     | Found a runed translucent gate.
 12221 | D:11     | Found a runed translucent gate.
 12224 | D:11     | Noticed Ariptu's ghost (journeyman MiFi)
 12249 | D:11     | Killed Ariptu's ghost
 12249 | D:11     | Reached *** piety under Cheibriados
 12688 | D:11     | Killed a white ugly thing
 12689 | D:11     | Reached skill level 12 in Fighting
 12707 | D:11     | Killed a boulder beetle
 12739 | D:11     | Killed a cyclops
 12792 | D:11     | Noticed a two-headed ogre
 12810 | D:11     | Killed a two-headed ogre
 12973 | D:11     | Noticed a boulder beetle
 12993 | D:11     | Killed a boulder beetle
 12994 | D:11     | Reached skill level 13 in Fighting
 12994 | D:11     | Reached XP level 12. HP: 79/115 MP: 12/12
 13348 | D:11     | Reached skill level 10 in Armour
 13355 | D:11     | Reached skill level 1 in Stealth
 13359 | D:11     | Reached **** piety under Cheibriados
 13520 | D:12     | Noticed a two-headed ogre
 13535 | D:12     | Killed a two-headed ogre
 13948 | D:12     | Found a staircase to the Orcish Mines.
 14101 | D:12     | Noticed Maurice
 14151 | D:12     | Killed Maurice
 14152 | D:12     | Reached skill level 1 in Evocations
 15392 | D:12     | Noticed Erolcha
 15396 | D:12     | Cast into level 2 of the Abyss (Erolcha)
 15438 | Abyss:2  | Noticed a thrashing horror
 15440 | Abyss:2  | Noticed a thrashing horror
 15452 | Abyss:2  | Killed a thrashing horror
 15456 | Abyss:2  | Killed a thrashing horror
 15541 | Abyss:2  | Noticed a wretched star
 15565 | Abyss:2  | Killed a wretched star
 15669 | Abyss:2  | Noticed a cacodemon
 15673 | Abyss:2  | Gained mutation: You expend magic power (3 MP) to
                  | strengthen your wands. [a cacodemon]
 16066 | Abyss:2  | HP: 8/172 [raiju/living lightning (19)]
 16094 | Abyss:2  | Noticed a thrashing horror
 16096 | Abyss:2  | Noticed a thrashing horror
 16101 | Abyss:2  | HP: 5/115 [thrashing horror (2)]
 16102 | D:12     | Escaped the Abyss
 16105 | D:12     | Noticed a two-headed ogre
 16820 | D:13     | Noticed a centaur warrior
 16827 | D:13     | Killed a centaur warrior
 16844 | D:13     | Noticed a two-headed ogre
 16862 | D:13     | Killed a two-headed ogre
 16942 | D:13     | Found an ancient bone altar of Kikubaaqudgha.
 16989 | D:13     | Reached skill level 14 in Fighting
 17218 | D:13     | Found Pesori's General Store.
 17248 | D:13     | Bought a potion of curing for 45 gold pieces
 17248 | D:13     | Bought a potion of heal wounds for 75 gold pieces
 17248 | D:13     | Bought a potion of curing for 45 gold pieces
 17338 | D:13     | Found Lineas's Weapon Emporium.
 17814 | D:13     | Found Suzak's Antique Armour Emporium.
 17819 | D:13     | Acquired 919 gold pieces
 17820 | D:13     | Acquired the +2 pair of boots of Pileddibi {+Blink Fly
                  | rPois Dex-2}
 17841 | D:13     | Bought a shiny tower shield for 210 gold pieces
 17841 | D:13     | Bought the +3 crown of Dyrovepreva {rElec Int+2 SInv} for
                  | 1159 gold pieces
 17841 | D:13     | Found the +3 crown of Dyrovepreva {rElec Int+2 SInv}
 18394 | D:12     | Killed a thrashing horror
 18397 | D:12     | Killed Erolcha
 18490 | D:12     | Killed a two-headed ogre
 18491 | D:12     | Reached XP level 13. HP: 105/125 MP: 13/13
 19002 | Orc:1    | Entered Level 1 of the Orcish Mines
 19452 | Orc:2    | Entered Level 2 of the Orcish Mines
 19456 | Orc:2    | Reached skill level 15 in Fighting
 19506 | Orc:2    | Noticed Urug
 19515 | Orc:2    | Killed Urug
 19671 | Orc:2    | Reached ***** piety under Cheibriados
 19681 | Orc:2    | Noticed Sonja
 19685 | Orc:2    | Cast into level 2 of the Abyss (Sonja)
 19839 | Abyss:2  | Noticed a lorocyproca
 19882 | Abyss:2  | Found a sacrificial altar of Ru.
 19882 | Abyss:2  | Noticed a starcursed mass
 19901 | Abyss:2  | Mangled by a lorocyproca

Illustrated notes

Levels and vault maps discovered:
D:1:      lightli_iron_boxes, layout_loops_ring, basic_ecumenical_altar
D:2:      layout_basic
D:3:      layout_basic, serial_shops, nicolae_shop_advertising_works
          [nicolae_subvault_shop_adworks], amcnicky_mini_pool_small,
          dk_noncrumbling_2, minivault_25
D:4:      layout_gridville, nicolae_vehumet_radiance, general_overflow_altar,
          kennysheep_mini, serial_shops, nicolae_lakefront_shop, enter_ossuary_1
D:5:      layout_basic, fedhas_altar_4, mainiacjoe_overflow_paths, uniq_sigmund
D:6:      layout_layer_cave, grunt_dithmenos_smoke_and_mirrors,
          mainiacjoe_overflow_catwalk_spiral, minmay_temple_entry_proselytizer
D:7:      layout_basic, serial_shops, nicolae_shop_stone
D:8:      layout_basic, nicolae_ru_the_path_less_chosen,
          mainiacjoe_overflow_alcove_4, marbit_many_paths, minivault_27
D:9:      layout_loops_ring, serial_aquarium, aquarium_bridge_square
          [aquarium_subvault_wall, aquarium_subvault_bridge,
          aquarium_subvault_wall, aquarium_subvault_wall], aquarium_window_2,
          aquarium_window_corner, aquarium_view_2c
D:10:     layout_basic, nicolae_overflow_crystal_walls, lair_entry_dummy,
          uniq_fannar
D:11:     minmay_s_stair_smasher, layout_rooms, serial_curves, eino_curves_04,
          eino_curves_02, eino_curves_03, ebering_ghost_rock_garden,
          minmay_misc_feat_doors, grunt_ministairs_10
D:12:     minmay_separated_statues, layout_grid_maze, orc_0_dummy, uniq_erolcha,
          uniq_maurice
D:13:     layout_layer_cave, serial_shops,
          nicolae_shop_temple_entry_statues_fountains, nicolae_shop_crystal,
          kennysheep_little_box, kiku_gazebo_garden_becter
Temple:   jpeg_temple_alley_garden
Orc:1:    layout_caves, rock_pile
Orc:2:    grunt_orc_tribal_feast, layout_caves, uniq_urug, uniq_sonja,
          uniq_saint_roka
Abyss:2:  base: D:12, base: D:9, base: D:3, bh_abyss_xom_lugonu_altar,
          hangedman_abyss_or_decor_lesser_grid

Skill      XL: |  1  2  3  4  5  6  7  8  9 10 11 12 13 |
---------------+----------------------------------------+-----
Axes           | 3 4 5 6 7 9 11 13 14 | 14.4
Fighting       | 4 5 6 8 9 11 13 14 15 | 15.2
Armour         | 4 5 6 7 8 9 10 11 | 11.1
Dodging        | 1 2 3 |  3.8
Shields        | 4 5 6 7 |  7.9
Throwing       | 1 3 4 |  4.0
Stealth        | 1 |  1.6
Evocations     | 4 |  4.9
Slings         | |  0.2
Invocations    | |  0.6

Action                   |  1- 3 |  4- 6 |  7- 9 | 10-12 | 13-15 || total
-------------------------+-------+-------+-------+-------+-------++-------
Melee: War axe           |    73 |   172 |   238 |   613 |   105 ||  1201
 Fire: Hunting sling     |       |     4 |       |       |       ||     4
Throw: Dart              |       |     4 |     9 |    51 |     7 ||    71
       Javelin           |       |       |       |       |     7 ||     7
       Throwing net      |       |       |       |       |     2 ||     2
Invok: Bend Time         |       |       |       |     1 |       ||     1
 Abil: Evoke Blink       |       |       |       |       |     1 ||     1
Evoke: Wand              |       |       |       |    41 |     8 ||    49
       Phial of floods   |       |       |       |     1 |       ||     1
  Use: Scroll            |       |       |    11 |    23 |     2 ||    36
       Potion            |       |       |     2 |     6 |     1 ||     9
 Stab: Paralysed         |       |       |       |     2 |       ||     2
Armor: Scale mail        |    33 |    93 |     8 |       |       ||   134
       Chain mail        |       |       |   107 |   330 |    33 ||   470
       Skin              |       |       |       |     9 |       ||     9
Dodge: Dodged            |    31 |    89 |   104 |   346 |    29 ||   599
Block: Buckler           |    15 |    38 |    52 |   147 |       ||   252
       Tower shield      |       |       |       |    47 |    80 ||   127
       Reflection        |       |       |       |       |     6 ||     6
